 Dungeon Crawl Stone Soup version 0.18-a0-1570-gf60b0ab (webtiles) character file.

347 SlimeFever the Slasher (level 6, -2/52 HPs)
             Began as a Demonspawn Chaos Knight on Mar 14, 2016.
             Slain by a swamp drake (7 damage)
             ... on level 4 of the Dungeon.
             The game lasted 00:31:24 (3969 turns).

SlimeFever the Slasher (Demonspawn Chaos Knight)    Turns: 3969, Time: 00:31:24

Health: -2/52      AC:  8    Str: 20    XL:     6   Next: 32%
Magic:  6/6        EV: 12    Int: 19    God:    Xom [*.....]
Gold:   220        SH:  0    Dex: 16    Spells: 0 memorised, 5 levels left

rFire  . . .     SeeInvis .     a - +1 falchion (chaos)
rCold  + + .     Gourm    .     p - +2 leather armour
rNeg   . . .     Faith    .     (no shield)
rPois  +         Spirit   .     (helmet restricted)
rElec  .         Dismiss  .     (no cloak)
rCorr  .         Reflect  .     (no gloves)
SustAt .         Harm     .     e - +1 pair of boots {run}
MR     .....                    (no amulet)
Stlth  ++........               (no ring)
                                f - +4 ring of intelligence

@: mighty, quick, not resistant to hostile enchantments, unstealthy
A: horns 2, talons 1, molten scales 1, agile 2, clever 1, cold resistance 2,
sense surroundings 1, poison resistance, robust 1, rot immunity
a: Renounce Religion


You were on level 4 of the Dungeon.
You worshipped Xom.
You were a special plaything of Xom.
You were not hungry.

You visited 1 branch of the dungeon, and saw 4 of its levels.

You collected 220 gold pieces.

Inventory:

Hand Weapons
 a - a +1 falchion of chaos (weapon)
 b - a +0 shortbow
 d - a +0 hand crossbow
Missiles
 n - 21 arrows
 r - 11 arrows of frost
Armour
 e - a +1 pair of boots of running (worn)
 j - a +0 plate armour
 p - a +2 leather armour (worn)
Magical Staves
 q - an uncursed staff of cold
Jewellery
 f - a +4 ring of intelligence (left hand)
Scrolls
 i - a scroll of teleportation
 l - a scroll of noise
 t - a scroll of enchant weapon
 w - a scroll of identify
Potions
 g - 4 potions of curing
 k - a potion of might
 m - a potion of heal wounds {unknown}
 o - 2 potions of cancellation
 s - a potion of lignification {unknown}
 u - a potion of flight
 v - a potion of resistance
Comestibles
 c - 3 bread rations
 h - a beef jerky


   Skills:
 + Level 4.2 Fighting
 * Level 4.4 Long Blades
 * Level 3.0 Armour
 + Level 1.6 Dodging
 + Level 2.2 Stealth


You had 5 spell levels left.
You didn't know any spells.

Dungeon Overview and Level Annotations

Branches:
Dungeon (4/15)
 Temple: D:4-7

Altars:
Yredelemnul


Innate Abilities, Weirdness & Mutations

You have a pair of horns on your head.
You are partially covered in molten scales (AC +1).
You are immune to rotting.
You have sharp toenails.
You are very agile. (Dex +4)
Your mind is acute. (Int +2)
Your flesh is very cold resistant.
You passively map a small area around you.
Your system is resistant to poisons.
You are robust (+10% HP).


Message History

The swamp drake barely misses you.
You barely miss the swamp drake. Your headbutt misses the swamp drake.
The swamp drake is severely wounded.
The swamp drake bites you!
* * * LOW HITPOINT WARNING * * *
The swamp drake misses you.
It was a potion of might.
You feel very mighty all of a sudden.
Xom roars with laughter!
The swamp drake breathes noxious fumes at you.
The noxious blast engulfs you!
The swamp drake bites you but does no damage.
You closely miss the swamp drake. Your headbutt misses the swamp drake.
The swamp drake is severely wounded.
The swamp drake bites you but does no damage.
You closely miss the swamp drake.
The swamp drake is severely wounded.
The swamp drake bites you!
You die...
Xom roars with laughter!

#........# #......#....#...
#...>....# #......#....'...
#####........# #########....####
.....#'##....# #....>..(........
.....#..#..>.# #......(.........
.....'..#....# #..............(.
.....####..).####................
......# ##..)).§§§.).............
......# #.....§@k§..............
......# #.....§§##+#####.....###
......# #.....§.#......#.....#..
......# #########......#.....'..
......# ##.............'.....#..
####### #......##..##.##.....#..
#......##..##.#....<####
######............#.....#...
######....#.....##.....#.....#...


You could see a swamp drake.

Vanquished Creatures
  3 orc wizards (D:4)
  A worker ant (D:4)
  A hound skeleton (D:4)
  6 adders
  4 gnolls (D:2)
  An ooze (D:1)
  2 adder skeletons (D:4)
  2 worms
  6 dart slugs
  3 giant geckos
  4 orcs
  6 giant cockroaches
  4 goblins
  8 hobgoblins
  8 jackals
  4 kobolds
  A quokka (D:4)
  2 ball pythons
  12 bats
  4 giant newts
  4 rats
  A spectral orc (D:4)
87 creatures vanquished.

Vanquished Creatures (collateral kills)
  An orc wizard (D:4)
1 creature vanquished.

Grand Total: 88 creatures vanquished

Notes
Turn   | Place    | Note
--------------------------------------------------------------
     0 | D:1      | SlimeFever the Demonspawn Chaos Knight began the quest for the Orb.
     0 | D:1      | Reached XP level 1. HP: 18/18 MP: 1/1
    29 | D:1      | XOM: silly message
   130 | D:1      | XOM: potion effect (haste)
   171 | D:1      | Gained mutation: You are partially covered in molten scales (AC +1). [demonic ancestry]
   171 | D:1      | Reached XP level 2. HP: 20/24 MP: 2/2
   346 | D:1      | XOM: divination: magic mapping
   370 | D:1      | XOM: divination: detect creatures
   542 | D:1      | XOM: noise
   583 | D:1      | Gained mutation: You are immune to rotting. [demonic ancestry]
   583 | D:1      | Reached XP level 3. HP: 29/29 MP: 3/3
   689 | D:1      | XOM: colour smoke trail
   709 | D:1      | XOM: cast spell 'Summon Butterflies'
   924 | D:2      | XOM: silly message
  1174 | D:2      | Gained mutation: You have a pair of small horns on your head. [demonic ancestry]
  1174 | D:2      | Reached XP level 4. HP: 37/37 MP: 4/4
  1250 | D:2      | XOM: confuse monster(s)
  1347 | D:2      | Reached skill level 1 in Stealth
  1823 | D:2      | Reached XP level 5. HP: 42/42 MP: 5/5
  1997 | D:3      | XOM: harmless Necr miscast
  2027 | D:3      | XOM: scenery: 1 doors close
  2096 | D:3      | Found a faded altar to an unknown god.
  2118 | D:3      | Reached skill level 1 in Dodging
  2262 | D:3      | XOM: scenery: 1 doors open
  2581 | D:3      | Gained mutation: You passively map a small area around you. [potion of mutation]
  2581 | D:3      | Gained mutation: Your flesh is cold resistant. [potion of mutation]
  2581 | D:3      | Gained mutation: You are agile. (Dex +2) [potion of mutation]
  2582 | D:3      | Gained mutation: You are very agile. (Dex +4) [potion of mutation]
  2733 | D:4      | XOM: silly message
  2820 | D:4      | Noticed an ogre
  2823 | D:4      | HP: 1/42 [ogre/giant spiked club (27)]
  2823 | D:4      | XOM: butterfly on damage
  2823 | D:4      | XOM: smoke on damage
  3048 | D:4      | XOM: fake destruction
  3049 | D:4      | XOM: summons friendly crimson imp
  3294 | D:4      | XOM: god gift: pair of embroidered boots {god gift}
  3303 | D:4      | Identified a +1 pair of boots of running (Xom gifted it to you on level 4 of the Dungeon)
  3356 | D:4      | XOM: polymorph howler monkey -> worker ant
  3361 | D:4      | Reached XP level 6. HP: 43/48 MP: 6/6
  3385 | D:4      | XOM: vitrification
  3720 | D:4      | XOM: vitrification
  3724 | D:4      | Found a basalt altar of Yredelemnul.
  3738 | D:4      | XOM: give mutations
  3738 | D:4      | Gained mutation: You are robust (+10% HP). [Xom's grace]
  3738 | D:4      | Gained mutation: You have a pair of horns on your head. [Xom's grace]
  3738 | D:4      | Gained mutation: Your mind is acute. (Int +2) [Xom's grace]
  3738 | D:4      | Gained mutation: You have sharp toenails. [Xom's grace]
  3745 | D:4      | XOM: enchant monster (good)
  3929 | D:4      | XOM: give mutations
  3929 | D:4      | Gained mutation: Your flesh is very cold resistant. [Xom's grace]
  3929 | D:4      | Gained mutation: Your system is resistant to poisons. [Xom's grace]
  3941 | D:4      | XOM: chaos upgrade
  3949 | D:4      | XOM: blink monster(s)
  3955 | D:4      | Noticed a swamp drake
  3955 | D:4      | an ogre changed into a swamp drake
  3955 | D:4      | XOM: polymorph ogre -> swamp drake
  3969 | D:4      | Slain by a swamp drake

Vault maps used:
D:1:      minmay_arrival_radiant_lines, minivault_4
D:3:      ecumenical_altar_2, first_bread, minmay_misc_feat_five
D:4:      yredelemnul_forgotten_temple_becter

Skill      XL: |  1  2  3  4  5  6 |
---------------+-------------------+-----
Long Blades    | 3 4 |  4.4
Armour         | 2 3 |  3.0
Fighting       | 4 |  4.2
Stealth        | 1 2 |  2.2
Dodging        | 1 |  1.6

Action                   |  1- 3 |  4- 6 || total
-------------------------+-------+-------++-------
Melee: Falchion          |    81 |   172 ||   253
 Fire: Shortbow          |       |     7 ||     7
  Use: Scroll            |     3 |    10 ||    13
       Potion            |       |     5 ||     5
 Stab: Sleeping          |       |     7 ||     7
       Confused          |       |     1 ||     1
  Eat: Meat ration       |     1 |       ||     1
       Pizza             |       |     2 ||     2
       Bread ration      |       |     1 ||     1
